 Seeded DCSS version 0.31-a0-208-gdb31a4691d (webtiles) character file.

Game seed: 10414033630809901341 (custom seed)

2763 innerfire43 the Carver (level 9, -7/74 HPs)
             Began as a Demonspawn Monk on June 28, 2023.
             Was a High Priest of Nemelex Xobeh.
             Killed from afar by an electric eel (14 damage)
             ... with a bolt of electricity
             ... on level 7 of the Dungeon.
             The game lasted 00:06:35 (5873 turns).

innerfire43 the Carver (Demonspawn Monk)            Turns: 5873, Time: 00:06:36

Health: -7/74      AC:  3    Str: 15    XL:     9   Next: 42%
Magic:  9/9        EV: 19    Int: 13    God:    Nemelex Xobeh [*****.]
Gold:   415        SH:  5    Dex: 15    Spells: 8/8 levels left

rFire   . . .        n - +9 great sword of Sewiefups {heavy, Stlth+}
rCold   . . .        (shield currently unavailable)
rNeg    . . .        b - +0 robe
rPois   .            (helmet restricted)
rElec   .            (no cloak)
rCorr   .            h - +0 pair of gloves
SInv    .            (no boots)
Will    .....        k - amulet of reflection
Stlth   ++           f - +4 ring of slaying
HPRegen 0.32/turn    z - +5 ring of evasion
MPRegen 0.11/turn

%: reflection
@: studying Evocations
A: hooves 2, horns 1, demonic guardian 2, weakness stinger 1
a: Renounce Religion, Draw Escape, Draw Destruction, Draw Summoning, Triple
Draw, Deal Four, Stack Five


You were on level 7 of the Dungeon.
You worshipped Nemelex Xobeh.
Nemelex Xobeh was extremely pleased with you.
You visited 1 branch of the dungeon, and saw 7 of its levels.

You collected 415 gold pieces.

Inventory:

Hand Weapons
 a - a +0 falchion
 n - the +9 great sword of Sewiefups (weapon) {heavy, Stlth+}
   (You found it on level 2 of the Dungeon)

   Stlth:     It makes you more stealthy.
Armour
 b - a +0 robe (worn)
 d - an orb of light
 h - a +0 pair of gloves (worn)
Jewellery
 f - a +4 ring of slaying (left hand)
 k - an amulet of reflection (around neck)
 r - a ring of positive energy
 t - a ring of protection from fire
 v - an amulet of reflection
 y - a ring of wizardry
 z - a +5 ring of evasion (right hand)
 E - a ring of magical power
Wands
 s - a wand of flame (22)
 w - a wand of paralysis (10)
Scrolls
 e - 5 scrolls of identify {unknown}
 g - 4 scrolls of revelation {unknown}
 j - 4 scrolls of teleportation {unknown}
 l - a scroll of blinking {unknown}
 m - a scroll of fog {unknown}
 o - 2 scrolls of immolation {unknown}
 p - 3 scrolls of fear {unknown}
 u - a scroll of brand weapon {unknown}
 B - a scroll of amnesia {unknown}
 C - a scroll of enchant armour {unknown}
 D - 2 scrolls of noise {unknown}
 F - a scroll of enchant weapon {unknown}
Potions
 c - 2 potions of ambrosia
 i - 2 potions of heal wounds {unknown}
 q - 3 potions of curing
 x - a potion of attraction {unknown}
Miscellaneous
 A - a piece from Xom's chessboard (15/15)


   Skills:
 + Level 8.3 Fighting
 * Level 8.5 Long Blades
 * Level 6.0 Dodging


You had 8 spell levels left.
You didn't know any spells.
Your spell library was empty.

Dungeon Overview and Level Annotations

Branches:
Dungeon (7/15)             Temple (0/1) D:4

Altars:
Cheibriados
Gozag
Nemelex Xobeh
Ru
Sif Muna
Wu Jian

Annotations:
D:7 1 runed translucent door, AwFulAwFulPlayer's ghost, novice TrMo


Innate Abilities, Weirdness & Mutations

You have hoof-like feet.
You have a pair of small horns on your head.
A demonic guardian rushes to your aid.
You have a small tail.


Message History

There is an open gate here.
The electric eel shoots out a bolt of lightning at you!
The bolt of electricity hits you!
The white imp grins evilly.
The white imp hits you. The white imp freezes you.
You closely miss the white imp. You kick the white imp.
You headbutt the white imp!
Your tail-slap misses the white imp.
The white imp is almost dead.
The electric eel shoots out a bolt of lightning at you!
The bolt of electricity misses you.
The white imp picks up a beetle and eats it.
The white imp gestures at you. The puff of frost hits you.
A demonic guardian appears!
The white imp gestures at you. The puff of frost hits you!
You chop the white imp into pieces!!!
You kill the white imp!
You block the orc's attack.
The electric eel shoots out a bolt of lightning at you!
The bolt of electricity hits the orc!
The orc dies!
The bolt of electricity hits you! x2
The bolt of electricity hits your rust devil.
Your rust devil resists.
Your Dodging skill increases to level 6!
You are too injured to fight recklessly!
Your rust devil hits the electric eel.
Your rust devil corrodes the electric eel!
There is an open gate here.
The electric eel shoots out a bolt of lightning at you!
The bolt of electricity hits you!
* * * LOW HITPOINT WARNING * * *
The bolt of electricity misses you.
Your rust devil closely misses the electric eel.
The electric eel shoots out a bolt of lightning at you!
The bolt of electricity hits the orc.
The bolt of electricity hits you!
* * * LOW HITPOINT WARNING * * *
The bolt of electricity hits you!
You die...
Your body glows with a rainbow of weird colours and disappears.

######### ###...@.).#
#...###o''###
##^###.......#
##..##..~)4.~..#
##..##..~.S.~.~..#
##..##..~...~...~..
###..##..~.~.~.~.~.~.
###...##..~...~.8.~...~
##...###
.~.~.~.~.~.~.~.


You could see an electric eel (corroded, ally target), an orc (distracted) and a
friendly rust devil (summoned).

Vanquished Creatures
  A troll (D:6)
  A hornet (D:6)
  A wyvern (D:7)
  A water moccasin (D:5)
  An ice beast (D:6)
  A sky beast (D:6)
  2 black bears (D:6)
  2 ogres
  A phantom (D:5)
  A kobold brigand (D:3)
  2 scorpions
  3 wights (D:6)
  3 jellies
  An electric eel (D:7)
  A howler monkey (D:4)
  A crimson imp (D:5)
  4 hounds
  A gnoll bouda (D:5)
  Terence (D:2)
  4 iguanas
  An orc wizard (D:4)
  A mummy (D:5)
  10 gnolls
  6 adders
  2 white imps
  2 worms
  3 dart slugs
  13 orcs
  7 endoplasms
  2 giant cockroaches
  9 goblins
  7 hobgoblins
  6 jackals
  6 kobolds
  4 quokkas
  8 ball pythons
  8 bats
  4 frilled lizards
  5 rats
137 creatures vanquished.

Vanquished Creatures (collateral kills)
  The ghost of ZoeForever1 the Ruffian, an amateur DrTm (D:3)
  A bullfrog (D:6)
  A gnoll bouda (D:4)
  4 gnolls (D:4)
  3 ball pythons
  A jackal (D:1)
  8 kobolds
19 creatures vanquished.

Vanquished Creatures (others)
  An orc (D:7)
1 creature vanquished.

Grand Total: 157 creatures vanquished

Notes
Turn   | Place    | Note
-------+----------+-------------------------------------------
     0 | D:1      | innerfire43 the Demonspawn Monk began the quest for the
                  | Orb.
     0 | D:1      | Reached XP level 1. HP: 18/18 MP: 1/1
    80 | D:1      | Gained mutation: A weak demonic guardian rushes to your
                  | aid. [demonic ancestry]
    80 | D:1      | Reached XP level 2. HP: 16/24 MP: 2/2
   485 | D:1      | Discovered your monstrous ancestry.
   485 | D:1      | Gained mutation: You have large cloven feet. [demonic
                  | ancestry]
   485 | D:1      | Reached XP level 3. HP: 24/29 MP: 3/3
   794 | D:2      | Identified the +9 great sword of Sewiefups {heavy, Stlth+}
   961 | D:2      | Noticed Terence
   966 | D:2      | Killed Terence
   967 | D:2      | Gained mutation: You have hoof-like feet. [demonic
                  | ancestry]
   967 | D:2      | Reached XP level 4. HP: 30/37 MP: 4/4
  1651 | D:3      | Found a faded altar of an unknown god.
  1733 | D:3      | Reached XP level 5. HP: 43/43 MP: 5/5
  1778 | D:3      | Prayed at the altar of an unknown god.
  1778 | D:3      | Became a worshipper of Nemelex Xobeh the Trickster
  1778 | D:3      | Reached * piety under Nemelex Xobeh
  1778 | D:3      | Received a gift from Nemelex Xobeh
  1778 | D:3      | Reached ** piety under Nemelex Xobeh
  1778 | D:3      | Received a gift from Nemelex Xobeh
  2083 | D:3      | Reached *** piety under Nemelex Xobeh
  2179 | D:3      | Found an ornate altar of the Wu Jian Council.
  2301 | D:3      | Found a runed translucent gate.
  2301 | D:3      | Found a runed translucent gate.
  2301 | D:3      | Found a runed translucent gate.
  2304 | D:3      | Noticed ZoeForever1's ghost (amateur DrTm)
  2317 | D:3      | Reached skill level 5 in Fighting
  2317 | D:3      | Gained mutation: You have a small tail. [demonic ancestry]
  2317 | D:3      | Reached XP level 6. HP: 51/51 MP: 6/6
  2319 | D:3      | Killed ZoeForever1's ghost
  2320 | D:3      | Reached skill level 5 in Long Blades
  2565 | D:4      | Gained mutation: A demonic guardian rushes to your aid.
                  | [demonic ancestry]
  2565 | D:4      | Reached XP level 7. HP: 53/58 MP: 7/7
  2712 | D:4      | Received a gift from Nemelex Xobeh
  3038 | D:4      | Found a staircase to the Ecumenical Temple.
  3254 | D:5      | Entered Level 5 of the Dungeon
  3343 | D:5      | Received a gift from Nemelex Xobeh
  3939 | D:5      | Gained mutation: You have a pair of small horns on your
                  | head. [demonic ancestry]
  3939 | D:5      | Reached XP level 8. HP: 31/67 MP: 8/8
  4342 | D:5      | Reached **** piety under Nemelex Xobeh
  4357 | D:5      | Found a snail-covered altar of Cheibriados.
  4693 | D:6      | Received a gift from Nemelex Xobeh
  4803 | D:6      | Noticed a hornet
  4804 | D:6      | Paralysed by a hornet for 3 turns
  4807 | D:6      | Killed a hornet
  4908 | D:6      | Found a shimmering blue altar of Sif Muna.
  4954 | D:6      | Noticed a troll
  4960 | D:6      | Killed a troll
  4961 | D:6      | Reached skill level 5 in Dodging
  4961 | D:6      | Reached XP level 9. HP: 32/74 MP: 9/9
  5255 | D:6      | Found a sparkling altar of Nemelex Xobeh.
  5632 | D:7      | Received a gift from Nemelex Xobeh
  5642 | D:7      | Found a runed translucent door.
  5644 | D:7      | Found a sacrificial altar of Ru.
  5663 | D:7      | Noticed AwFulAwFulPlayer's ghost (novice TrMo)
  5763 | D:7      | Found an opulent altar of Gozag.
  5784 | D:7      | Reached ***** piety under Nemelex Xobeh
  5873 | D:7      | Killed from afar by an electric eel

Illustrated notes

Levels and vault maps discovered:
D:1:      heliophobic_arrival_henge, layout_basic
D:2:      layout_rooms, uniq_terence
D:3:      layout_loops_corners, mainiacjoe_overflow_cross_hatched,
          nicolae_wu_jian_immortal_techniques, gammafunk_ghost_nasty_kobolds,
          shapermc_ecumenical_altar_flowoftime
D:4:      layout_rooms, minmay_temple_entry_glassed_door
D:5:      layout_basic, slow_altar_2, minmay_fire_ice_demons
D:6:      layout_loops_ring, mainiacjoe_overflow_six_doors_small,
          nicolae_sif_muna_little_library, hellmonk_bongcloud_opening,
          minmay_manual_monolith
D:7:      layout_cave_pools, kennysheep_mini, nicolae_ru_awakened_eye,
          ebering_ghost_reflecting_pool, serial_shops, shop_fountains,
          kennysheep_cluttered_room

Skill      XL: |  1  2  3  4  5  6  7  8  9 |
---------------+----------------------------+-----
Long Blades    | 3 4 5 6 7 8 |  8.5
Fighting       | 4 5 6 7 8 |  8.3
Dodging        | 3 5 6 |  6.0

Action                     |  1- 3 |  4- 6 |  7- 9 || total
---------------------------+-------+-------+-------++-------
  Melee: Falchion          |    51 |       |       ||    51
         Great sword       |    13 |    61 |    95 ||   169
         Kick              |     3 |     9 |    18 ||    30
         Tailslap          |       |       |     6 ||     6
         Headbutt          |       |       |     7 ||     7
 Invoke: Draw Summoning    |       |     2 |       ||     2
   Stab: Sleeping          |     4 |     9 |     7 ||    20
         Distracted        |       |     1 |     1 ||     2
 Armour: Robe              |    17 |    20 |    15 ||    52
  Dodge: Dodged            |    32 |    59 |    70 ||   161
  Block: Other             |     3 |    28 |    31 ||    62
         Orb               |     1 |       |       ||     1
         Reflection        |       |     1 |       ||     1

Table legend: (Time is in decaauts)
 A = Elapsed time spent in this place.
 B = Non-inter-level travel time spent in this place.
 C = Inter-level travel time spent in this place.
 D = Time resting spent in this place.
 E = Time spent auto-exploring this place.
 F = Levels seen in this place.
 G = Mean time per level.
                   A        B        C        D        E       F      G
               +--------+--------+--------+--------+--------+-----+--------+
         Total |   6071 |   5895 |    176 |      0 |   4882 |   7 |  867.3 |
       Dungeon |   6071 |   5895 |    176 |      0 |   4882 |   7 |  867.3 |
               +--------+--------+--------+--------+--------+-----+--------+

Top non-repeatable levels by time:
     D:3: 1350 daAuts
     D:5: 1302 daAuts
     D:6: 1129 daAuts
     D:1: 793 daAuts
     D:4: 727 daAuts
     D:2: 508 daAuts
     D:7: 260 daAuts
